 Dungeon Crawl Stone Soup version 0.16-a0-3218-g9b393b2 (webtiles) character file.

69 myeffort the Digger (level 4, 0/36 HPs)
             Began as a Deep Dwarf Earth Elementalist on Dec 20, 2014.
             Slain by a gnoll
             ... wielding a +0 spear
              (3 damage)
             ... on level 2 of the Dungeon.
             The game lasted 00:04:09 (1215 turns).

myeffort the Digger (Deep Dwarf Earth Elementalist) Turns: 1215, Time: 00:04:10

Health: 0/36       AC:  3    Str: 13    XL:     4   Next: 2%
Magic:  4/7        EV: 12    Int: 20    God:
Gold:   78         SH:  0    Dex: 13    Spells: 1 memorised, 6 levels left

rFire  + . .     SeeInvis .     (no weapon)
rCold  . . .     Clarity  .     c - +0 robe
rNeg   . . .     SustAb   .     (no shield)
rPois  .         Gourm    .     (no helmet)
rElec  .         Spirit   .     (no cloak)
rCorr  .         Warding  .     (no gloves)
rMut   .         Stasis   .     m - +0 pair of boots
MR     .....                    (no amulet)
Stlth  +++.......               l - ring of protection from fire
                                g - ring of wizardry

@: brilliant, non-regenerating, not resistant to hostile enchantments, fairly
stealthy
A: damage resistance, recharge devices, sense surroundings 1, slow healing 3
a: Device Recharging


You were on level 2 of the Dungeon.
You were not hungry.

You visited 1 branch of the dungeon, and saw 2 of its levels.

You collected 78 gold pieces.

Inventory:

Hand weapons
 a - a +0 short sword
Missiles
 j - 20 poisoned needles
Armour
 c - a +0 robe (worn)
 m - a +0 pair of boots (worn)
Jewellery
 g - a ring of wizardry (left hand)
 l - a ring of protection from fire (right hand)
Magical devices
 i - a wand of heal wounds (5)
Scrolls
 h - 3 scrolls of remove curse {unknown}
 k - 2 scrolls of identify {unknown}
 n - a scroll of enchant weapon {unknown}
Potions
 e - a potion of cancellation
Books
 d - a book of Geomancy

   Spells                             Type                      Level
   a - Sandblast                      Earth                        1
   b - Stoneskin                      Transmutation/Earth          2
   c - Passwall                       Transmutation/Earth          3
   d - Stone Arrow                    Conjuration/Earth            3
   e - Petrify                        Transmutation/Earth          4
   f - Lee's Rapid Deconstruction     Earth                        5
Comestibles
 b - a chunk of flesh
 f - 2 bread rations


   Skills:
 - Level 2.1 Dodging
 + Level 4.2 Stealth
 - Level 2.0 Spellcasting
   Level 0.8 Transmutations
 + Level 5.2 Earth Magic


You had 6 spell levels left.
You knew the following spells:

 Your Spells              Type           Power        Failure   Level  Hunger
a - Sandblast             Erth           #####.       1%          1    #......


Dungeon Overview and Level Annotations

Branches:
Dungeon (2/15)

Altars:

Annotations:
D:2 Jessica


Innate Abilities, Weirdness & Mutations

You are resistant to damage.
You can recharge devices by infusing magical energy.
You passively map a small area around you.
You do not heal naturally.


Message History

Confirm with . or Enter, or press ? or * to list all spells.
Aiming: Sandblast
Press: ? - help, Shift-Dir - straight line, f/p - gnoll
Aim: a gnoll, wielding a whip The blast of sand misses the gnoll.
Casting: Sandblast
Confirm with . or Enter, or press ? or * to list all spells.
Aiming: Sandblast
Press: ? - help, Shift-Dir - straight line, f/p - gnoll
Aim: a gnoll, wielding a whip The blast of sand hits the gnoll.
The gnoll is lightly wounded.
The gnoll hits you with a whip.
* * * LOW HITPOINT WARNING * * *
Drink which item? (? for menu, Esc to quit)
You feel clever all of a sudden. The gnoll hits you with a whip.
* * * LOW HITPOINT WARNING * * *
The gnoll hits you from afar with a spear.
You die...

..# #....# , .#....#
......# #....# * #....#
# ##...# ######## #
....#....#######....>.#
* *#
............gg@.......#
*#
.#.....#.#######......#
*,*# S.... #..
.......#.### , #
#..#,,#.## #####.#.# *,
# ..,* #.. ,, #.#.# , #
, ... , ,*#.#.# ,*# ,
#.. * #.#.# ,*# . #''#
,..#.# * # .. ,...
#######.########. #


You could see 2 gnolls.

Vanquished Creatures
  3 adders (D:2)
  2 worms (D:2)
  A ball python (D:2)
  3 giant cockroaches
  4 goblins
  6 hobgoblins
  A quokka (D:2)
  2 bats (D:1)
  A giant gecko (D:2)
  7 kobolds
  6 rats
36 creatures vanquished.

Vanquished Creatures (others)
  5 toadstools (D:1)
5 creatures vanquished.

Grand Total: 41 creatures vanquished

Notes
Turn   | Place    | Note
--------------------------------------------------------------
     0 | D:1      | myeffort, the Deep Dwarf Earth Elementalist, began the quest for the Orb.
     0 | D:1      | Reached XP level 1. HP: 15/15 MP: 2/2
   274 | D:1      | Reached XP level 2. HP: 17/22 MP: 1/4
   582 | D:2      | Reached XP level 3. HP: 17/28 MP: 4/6
   676 | D:2      | Reached skill level 5 in Earth Magic
  1075 | D:2      | Noticed Jessica
  1164 | D:2      | Reached XP level 4. HP: 11/36 MP: 5/7
  1215 | D:2      | Slain by a gnoll

Action                   |  1- 3 |  4- 6 || total
-------------------------+-------+-------++-------
Melee: Unarmed           |     6 |       ||     6
       Short sword       |    35 |     1 ||    36
Throw: Stone             |     1 |       ||     1
 Cast: Sandblast         |    50 |     4 ||    54
  Use: Potion            |     2 |     1 ||     3
 Stab: Sleeping          |     1 |       ||     1
  Eat: Chunk             |     1 |     1 ||     2
